 Dungeon Crawl Stone Soup version 0.26-a0-710-g95a0c6c400 (webtiles) character file.

Game seed: 15887589767600259907

4897 lunkers the Covert (level 10, -18/62 (63) HPs)
             Began as a Kobold Brigand on Oct 30, 2020.
             Was an Elder of Uskayaw.
             Demolished by a large abomination (35 damage)
             ... on level 1 of the Abyss.
             The game lasted 00:20:27 (11192 turns).

lunkers the Covert (Kobold Brigand)                Turns: 11192, Time: 00:20:28

HP:   -18/62 (63)   AC:  8    Str:  4    XL:     10   Next: 80%
MP:   14/14         EV: 24    Int: 20    God:    Uskayaw [****..]
Gold: 640           SH:  0    Dex: 18    Spells: 9/9 levels left

rFire    . . .     SeeInvis .   j - +3 dagger (venom)
rCold    + . .     Faith    .   (shield restricted)
rNeg     + . .     Spirit   .   x - +0 robe
rPois    +         Reflect  .   k - +3 helmet of Birdsong {rPois rC+ rN+ Str-5}
rElec    .         Harm     .   c - +1 cloak
rCorr    .         Rampage  .   (no gloves)
MR       .....                  (no boots)
Stlth    ++++++....             z - amulet of regeneration
HPRegen  0.60/turn              D - +6 ring of intelligence
MPRegen  0.14/turn              E - +4 ring of evasion

@: berserk cooldown, slowed, very slow
A: small, nightstalker 3
a: Stomp, Line Pass, Renounce Religion


You were on level 1 of the Abyss.
You worshipped Uskayaw.
Uskayaw was noncommittal.
You visited 2 branches of the dungeon, and saw 10 of its levels.
You visited the Abyss 1 time.
You also visited: Ossuary.

You collected 640 gold pieces.

Inventory:

Hand Weapons
 a - a +2 dagger
 j - a +3 dagger of venom (weapon)
Missiles
 d - 42 poisoned darts (quivered)
 e - 2 curare-tipped darts {=f}
Armour
 c - a +1 cloak (worn)
 k - the +3 helmet of Birdsong (worn) {rPois rC+ rN+ Str-5}
   (You took it off Robin on level 2 of the Dungeon)

   It affects your strength (-5).
   It protects you from cold.
   It protects you from poison.
   It protects you from negative energy.
 x - a +0 robe (worn)
Jewellery
 z - an amulet of regeneration (around neck)
 D - a +6 ring of intelligence (left hand)
 E - a +4 ring of evasion (right hand)
Wands
 b - a wand of paralysis (3)
 n - a wand of iceblast (23)
 C - a wand of acid (8)
 H - a wand of digging (3)
Scrolls
 h - 5 scrolls of identify
 l - 3 scrolls of teleportation
 p - 2 scrolls of blinking
 t - 2 scrolls of enchant armour
 v - a scroll of fog
 w - 2 scrolls of remove curse
 y - a scroll of enchant weapon {unknown}
 A - 2 scrolls of acquirement {unknown}
 B - 5 scrolls of magic mapping {unknown}
Potions
 f - 3 potions of berserk rage
 g - 2 potions of brilliance
 i - 10 potions of curing
 m - 4 potions of mutation
 o - 6 potions of stabbing
 q - a potion of resistance
 r - a potion of ambrosia
 s - a potion of haste
 u - 2 potions of cancellation
 F - a potion of might
 G - a potion of flight
 I - a potion of invisibility {unknown}


   Skills:
 + Level 7.2 Fighting
 - Level 10.0 Short Blades
 - Level 2.1 Throwing
 + Level 7.5 Dodging
 - Level 12.0 Stealth
 + Level 6.0 Invocations
 + Level 2.3 Evocations


You had 9 spell levels left.
You didn't know any spells.
Your spell library contained the following spells:

 Spells                   Type           Power        Failure   Level
 Animate Skeleton         Necr           #.....       19%         1
 Apportation              Tloc           #.....       19%         1
 Pain                     Necr           #...         19%         1
 Lesser Beckoning         Tloc           #.........   50%         3
 Tukima's Dance           Hex            #.......     50%         3
 Vampiric Draining        Necr           #.........   50%         3
 Animate Dead             Necr           #.........   88%         4
 Agony                    Necr           #.......     99%         5
 Alistair's Intoxication  Tmut/Pois      #........    99%         5
 Invisibility             Hex            #.......     100%        6


Dungeon Overview and Level Annotations

Branches:
Dungeon (9/15)             Temple (1/1) D:5            Lair (0/6) D:8
Ossuary (visited)
    Orc: D:9-12

Altars:
Ashenzari
Cheibriados
Dithmenos
Elyvilon
Fedhas
Gozag
Hepliaklqana
Kikubaaqudgha
Makhleb
Nemelex Xobeh
Okawaru
Qazlal
Ru
Sif Muna
Trog
Uskayaw
Vehumet
Wu Jian
Xom
Yredelemnul
Zin
The Shining One

Shops:
D:8 ?

Annotations:
D:9 Grum


Innate Abilities, Weirdness & Mutations

You are small and have problems with some larger weapons.
You are completely attuned to the shadows.


Message History

You hit the large abomination but do no damage.
The large abomination is moderately damaged.
The large abomination hits you!
* * * LOW HITPOINT WARNING * * *
You hit the large abomination but do no damage.
The large abomination is moderately damaged.
The large abomination misses you.
Unknown command.
You hit the large abomination but do no damage.
The large abomination is moderately damaged.
Unknown command.
You hit the large abomination but do no damage.
The large abomination is moderately damaged.
The large abomination completely misses you.
Unknown command.
You completely miss the large abomination.
The large abomination is moderately damaged.
The large abomination hits you!!
Ouch! That really hurt!
You die...

. #... .
.#. # #
.... . . #
.# .
#....≈.#...
# . .
#.#..≈≈
..## #.#. .
..#.. ≈≈≈.
## . . . .
≈≈.## #. .
#. ###≈..≈.
# . #.
#..≈.≈. ..
#@###≈ .
##X# . #. .
#...≈≈ . #.
##..# .. .


You could see a large abomination.

Vanquished Creatures
  A large abomination (Abyss:1)
  Pikel (D:4)
  Menkaure (D:4)
  A phantom (D:6)
  An ice beast (D:6)
  A sky beast (D:8)
  2 necrophages
  6 ogres
  3 wolves (D:9)
  3 centaurs
  2 lemures (D:4)
  2 small abominations (Abyss:1)
  A big kobold (D:8)
  2 elf zombies (Ossuary)
  4 bullfrogs
  5 jellies
  3 scorpions
  8 wights
  A centaur zombie (D:9)
  A quasit (D:5)
  3 orc priests
  6 hounds
  An orc wizard (D:4)
  2 iguanas
  Ijyb (D:4)
  8 worker ants
  A killer bee zombie (D:6)
  A big kobold zombie (Ossuary)
  4 mummies (Ossuary)
  A worker ant zombie (D:6)
  Robin (D:2)
  4 gnolls (D:3)
  14 adders
  3 shadow imps
  2 oozes
  An adder zombie (D:5)
  7 worms
  2 dart slugs
  6 leopard geckos
  15 orcs
  10 bats
  6 giant cockroaches
  2 gnoll zombies (Ossuary)
  22 goblins
  9 hobgoblins
  14 jackals
  14 kobolds
  4 quokkas
  A ball python (D:3)
  2 frilled lizards
  A goblin zombie (Ossuary)
  A jackal zombie (Ossuary)
  A kobold zombie (Ossuary)
  A leopard gecko skeleton (D:4)
  A leopard gecko zombie (D:6)
  3 orc zombies (Ossuary)
  16 rats
  A rat zombie (Ossuary)
241 creatures vanquished.

Vanquished Creatures (others)
  A lurking horror (Abyss:1)
1 creature vanquished.

Grand Total: 242 creatures vanquished

Notes
Turn   | Place    | Note
-------+----------+-------------------------------------------
     0 | D:1      | lunkers the Kobold Brigand began the quest for the Orb.
     0 | D:1      | Reached XP level 1. HP: 12/12 MP: 1/1
   202 | D:1      | Reached XP level 2. HP: 13/17 MP: 2/2
   865 | D:1      | Reached XP level 3. HP: 21/21 MP: 3/3
   872 | D:1      | Reached skill level 6 in Stealth
  1584 | D:2      | Reached XP level 4. HP: 26/26 MP: 4/4
  1656 | D:2      | Identified the +3 helmet of Birdsong {rPois rC+ rN+ Str-5}
  1656 | D:2      | Noticed Robin
  1673 | D:2      | Killed Robin
  2425 | D:3      | Reached XP level 5. HP: 29/30 MP: 5/5
  2455 | D:3      | Reached skill level 7 in Stealth
  2538 | D:3      | Reached skill level 5 in Short Blades
  2948 | D:3      | Noticed a moth of wrath
  2951 | D:3      | Found a bloodstained altar of Trog.
  3242 | D:3      | Reached XP level 6. HP: 24/35 MP: 6/6
  4016 | D:4      | Reached skill level 8 in Stealth
  4062 | D:4      | Noticed Pikel
  4105 | D:4      | Killed Pikel
  4105 | D:4      | Reached skill level 9 in Stealth
  4105 | D:4      | Reached XP level 7. HP: 20/40 MP: 7/7
  4409 | D:4      | Reached XP level 8. HP: 15/44 MP: 8/8
  4642 | D:4      | Reached skill level 10 in Stealth
  5056 | D:4      | Noticed Menkaure
  5062 | D:4      | Killed Menkaure
  5644 | D:4      | Noticed Ijyb
  5663 | D:4      | Killed Ijyb
  6264 | D:5      | Entered Level 5 of the Dungeon
  6359 | D:5      | Found a staircase to the Ecumenical Temple.
  6433 | Temple   | Entered the Ecumenical Temple
  6708 | Temple   | Became a worshipper of Uskayaw the Reveler
  6776 | D:5      | Found an opulent altar of Gozag.
  6836 | D:5      | Reached * piety under Uskayaw
  6956 | D:5      | Reached XP level 9. HP: 52/52 MP: 9/9
  7056 | D:5      | Reached skill level 1 in Invocations
  7248 | D:6      | Reached skill level 11 in Stealth
  7597 | D:6      | Reached ** piety under Uskayaw
  8469 | D:6      | Reached skill level 5 in Fighting
  8469 | D:6      | Reached skill level 5 in Dodging
  8533 | D:6      | You fall into a shaft and drop 1 floor!
  8556 | D:7      | Reached skill level 10 in Short Blades
  9330 | D:6      | Reached XP level 10. HP: 59/59 MP: 12/12
  9683 | D:8      | Reached *** piety under Uskayaw
  9684 | D:8      | Reached skill level 12 in Stealth
  9848 | D:8      | Found Vocvas's Magic Scroll Shop.
  9916 | D:8      | Found a sand-covered staircase.
  9922 | Ossuary  | Entered an ossuary
 10360 | D:8      | Found a staircase to the Lair.
 10424 | D:8      | Reached skill level 5 in Invocations
 10940 | D:9      | Noticed Grum
 10979 | D:9      | Cast into level 1 of the Abyss (Grum)
 10979 | Abyss:1  | Found a corrupted altar of Lugonu.
 11090 | Abyss:1  | Reached skill level 1 in Evocations
 11142 | Abyss:1  | Noticed a large abomination
 11178 | Abyss:1  | Killed a large abomination
 11180 | Abyss:1  | Reached **** piety under Uskayaw
 11192 | Abyss:1  | Demolished by a large abomination

Illustrated notes

Levels and vault maps discovered:
D:1:      nicolae_arrival_washed_ashore, layout_loops_corners
D:2:      layout_loops_ring, uniq_robin
D:3:      layout_basic, tgw_trog
D:4:      kennysheep_goblin_castle, layout_loops_ring,
          kennysheep_generic_room_10, uniq_menkaure, uniq_pikel
D:5:      layout_cave_pools, grunt_gozag_breadcrumbs,
          minmay_temple_entry_overgrown
D:6:      layout_basic
D:7:      layout_loops_cross
D:8:      layout_basic, lair_entry_dummy, enter_ossuary_5, serial_shops, shop
D:9:      layout_loops_ring, serial_glass, glass_columns_a, glass_columns_a,
          due_unseen_surprise, minmay_strange_pillars, minmay_strange_pillars,
          feat_on_display, serial_shops, kennysheep_mini_moat,
          chequers_guarded_unrand_ignorance, uniq_grum
Temple:   dpeg_three_leaves_temple
Abyss:1:  base:
D:14

Skill      XL: |  1  2  3  4  5  6  7  8  9 10 |
---------------+-------------------------------+-----
Short Blades   | 3 4 5 7 8 9 10 | 10.0
Stealth        | 6 7 9 10 11 12 | 12.0
Dodging        | 3 5 7 |  7.5
Fighting       | 3 5 7 |  7.2
Invocations    | 3 6 |  6.0
Evocations     | 2 |  2.3
Throwing       | |  2.1

Action                   |  1- 3 |  4- 6 |  7- 9 | 10-12 || total
-------------------------+-------+-------+-------+-------++-------
Melee: Dagger            |    76 |   227 |   411 |   338 ||  1052
Throw: Dart              |    74 |    66 |    58 |     9 ||   207
Invok: Stomp             |       |       |     3 |       ||     3
Evoke: Wand              |       |       |     5 |     1 ||     6
  Use: Scroll            |     8 |     1 |     9 |     2 ||    20
       Potion            |       |       |     1 |     1 ||     2
 Stab: Sleeping          |     3 |    10 |    21 |    19 ||    53
       Distracted        |       |       |     2 |     1 ||     3
       Paralysed         |       |       |     1 |     6 ||     7
Armor: Robe              |     9 |    40 |    66 |    31 ||   146
Dodge: Dodged            |    39 |   120 |   196 |   167 ||   522

Table legend: (Time is in decaauts)
 A = Elapsed time spent in this place.
 B = Non-inter-level travel time spent in this place.
 C = Inter-level travel time spent in this place.
 D = Time resting spent in this place.
 E = Time spent auto-exploring this place.
 F = Levels seen in this place.
 G = Mean time per level.
                   A        B        C        D        E       F      G
               +--------+--------+--------+--------+--------+-----+--------+
         Total |  10753 |  10603 |    150 |    620 |   7878 |  12 |  896.1 |
       Dungeon |  10021 |   9871 |    150 |    620 |   7471 |   9 | 1113.4 |
        Temple |    286 |    286 |      0 |      0 |    255 |   1 |  286.0 |
         Abyss |    177 |    177 |      0 |      0 |    106 |   1 |  177.0 |
       Ossuary |    268 |    268 |      0 |      0 |     46 |   1 |  268.0 |
               +--------+--------+--------+--------+--------+-----+--------+

Top non-repeatable levels by time:
     D:4: 2203 daAuts
     D:3: 1655 daAuts
     D:6: 1606 daAuts
     D:1: 1209 daAuts
     D:2: 1067 daAuts
     D:8: 976 daAuts
     D:7: 690 daAuts
     D:5: 570 daAuts
  Temple: 286 daAuts
 Ossuary: 268 daAuts
 Abyss:1: 177 daAuts
     D:9: 42 daAuts
